TOP OF THE 1ST |
Tacoma Rainiers batting - Pitching for Memphis Redbirds : LHP Shane Hawk
|
Pitching: LHP Shane Hawk
|
|
Batting: LHB David Rosario
|
0-0: Called Strike 0-1: Foul Ball, location: 7LMF 0-2: Ball 1-2: Ball 2-2: Ball 3-2: DOUBLE (Flyball, 8LXD, EV 98.1 MPH)
|
Batting: RHB Terry Evans
|
0-0: Called Strike 0-1: Ball Wild Pitch! David Rosario to third 1-1: Called Strike 1-2: Foul Ball, location: 3SF 1-2: Strikes out looking
|
Batting: RHB Jerry Gomez
|
0-0: Swinging Strike 0-1: Ball 1-1: Called Strike 1-2: Strikes out swinging
|
Batting: SHB Elias Hernandez
|
0-0: Ball 1-0: Ball 2-0: Ground out 5-3 (Groundball, 56S, EV 70.6 MPH)
|
Top of the 1st over - 0 runs, 1 hit, 0 errors, 1 left on base; Tacoma 0 - Memphis 0 |
BOTTOM OF THE 1ST |
Memphis Redbirds batting - Pitching for Tacoma Rainiers : RHP Tim Sturdy
|
Pitching: RHP Tim Sturdy
|
|
Batting: RHB Ruben Bahena
|
0-0: Ball 1-0: Ball 2-0: Called Strike 2-1: Foul Ball, location: 9LDF 2-2: Foul Ball, location: 2F 2-2: Ground out 2-3 (Groundball, 2L, EV 71.3 MPH)
|
Batting: RHB Antonio Perez
|
0-0: Foul Ball, location: 2F 0-1: Swinging Strike 0-2: Foul Ball, location: 2F 0-2: Foul Ball, location: 2F 0-2: Strikes out swinging
|
Batting: RHB J.J. Jurries
|
0-0: Foul Ball, location: 2F 0-1: Swinging Strike 0-2: Ball 1-2: Ball 2-2: Foul Ball, location: 2F 2-2: Foul Ball, location: 2F 2-2: Foul Ball, location: 9LDF 2-2: Fly out, F4 (Popup, 13, EV 77.5 MPH)
|
Bottom of the 1st over - 0 runs, 0 hits, 0 errors, 0 left on base; Tacoma 0 - Memphis 0 |
TOP OF THE 2ND |
Tacoma Rainiers batting - Pitching for Memphis Redbirds : LHP Shane Hawk
|
Batting: RHB Garrett Atkins
|
0-0: Ball 1-0: Ball 2-0: Called Strike 2-1: Foul Ball, location: 2LF 2-2: Foul Ball, location: 7LMF 2-2: Ground out 6-3 (Groundball, 6M, EV 103.1 MPH)
|
Batting: SHB Alex Cintron
|
0-0: Ball 1-0: Foul Ball, location: 25F 1-1: DOUBLE (Line Drive, 8RXD, EV 100.0 MPH)
|
Batting: RHB Justin Gemoll
|
0-0: Called Strike 0-1: Ball 1-1: Foul Ball, location: 2F 1-2: Strikes out swinging
|
Batting: SHB Victor Sauceda
|
0-0: Ball 1-0: DOUBLE (Line Drive, 9LS, EV 86.9 MPH) Alex Cintron scores
|
Batting: RHB Joe Lawrence
|
0-0: Ball 1-0: Foul Ball, location: 9LDF 1-1: Fly out, F7 (Flyball, 7, EV 91.9 MPH)
|
Top of the 2nd over - 1 run, 2 hits, 0 errors, 1 left on base; Tacoma 1 - Memphis 0 |
BOTTOM OF THE 2ND |
Memphis Redbirds batting - Pitching for Tacoma Rainiers : RHP Tim Sturdy
|
Batting: RHB Craig Ansman
|
0-0: Ball 1-0: Ball 2-0: Called Strike 2-1: Ground out 1-3 (Groundball, 34S, EV 66.3 MPH)
|
Batting: LHB Jayce Tingler
|
0-0: Ground out 6-3 (Groundball, 6, EV 105.0 MPH)
|
Batting: RHB Brian Horwitz
|
0-0: Ball 1-0: Swinging Strike 1-1: Foul Ball, location: 5SF 1-2: SINGLE (Line Drive, 56, EV 100.6 MPH)
|
Batting: RHB Jorge Luis Valle
|
0-0: Ball 1-0: Ball 2-0: Called Strike 2-1: Fly out, F7 (Flyball, 7, EV 93.1 MPH)
|
Bottom of the 2nd over - 0 runs, 1 hit, 0 errors, 1 left on base; Tacoma 1 - Memphis 0 |
TOP OF THE 3RD |
Tacoma Rainiers batting - Pitching for Memphis Redbirds : LHP Shane Hawk
|
Batting: LHB David Rosario
|
0-0: Ball 1-0: Foul Ball, location: 9LSF 1-1: Ball 2-1: SINGLE (Groundball, 6MD, EV 95.6 MPH)
|
Batting: RHB Terry Evans
|
0-0: Called Strike 0-1: Ball 1-1: SINGLE (Line Drive, 3D, EV 97.5 MPH) David Rosario to second Runner from 2nd tries for 3rd, SAFE, throw by RF made to third
|
Batting: RHB Jerry Gomez
|
0-0: Ball 1-0: Called Strike 1-1: Foul Ball, location: 9LMF 1-2: Foul Ball, location: 5SF 1-2: Ball Terry Evans steals 2nd base (no throw) 2-2: Strikes out looking
|
Batting: SHB Elias Hernandez
|
0-0: Ball 1-0: Fly out, F9 (Flyball, 9LD, EV 91.3 MPH) Runner from 3rd tags up, SCORES, throw by RF Terry Evans to third
|
Batting: RHB Garrett Atkins
|
0-0: Ball 1-0: Called Strike 1-1: Ball 2-1: Foul Ball, location: 9LMF 2-2: Ball 3-2: Strikes out looking
|
Top of the 3rd over - 1 run, 2 hits, 0 errors, 1 left on base; Tacoma 2 - Memphis 0 |
BOTTOM OF THE 3RD |
Memphis Redbirds batting - Pitching for Tacoma Rainiers : RHP Tim Sturdy
|
Batting: LHB Carlos Becerra
|
0-0: Called Strike 0-1: Ball 1-1: Ball 2-1: Foul Ball, location: 7LSF 2-2: Ball 3-2: Foul Ball, location: 23F 3-2: Base on Balls
|
Batting: LHB Richard Austin
|
0-0: Bunted foul 0-1: Called Strike Carlos Becerra is caught stealing 2nd base 2-6 0-2: Strikes out swinging
|
Batting: RHB Ruben Bahena
|
0-0: Ball 1-0: Foul Ball, location: 3FF 1-1: Ball 2-1: Foul Ball, location: 5FF 2-2: SINGLE (Line Drive, 4MD, EV 105.0 MPH)
|
Batting: RHB Antonio Perez
|
0-0: Ball 1-0: Swinging Strike 1-1: Called Strike 1-2: Ball 2-2: Strikes out swinging
|
Bottom of the 3rd over - 0 runs, 1 hit, 0 errors, 1 left on base; Tacoma 2 - Memphis 0 |
TOP OF THE 4TH |
Tacoma Rainiers batting - Pitching for Memphis Redbirds : LHP Shane Hawk
|
Batting: SHB Alex Cintron
|
0-0: Ground out 6-3 (Groundball, 6, EV 93.8 MPH)
|
Batting: RHB Justin Gemoll
|
0-0: Ball 1-0: Swinging Strike 1-1: Ground out 6-3 (Groundball, 6, EV 107.5 MPH)
|
Batting: SHB Victor Sauceda
|
0-0: Ball 1-0: Ground out 6-3 (Groundball, 6, EV 103.8 MPH)
|
Top of the 4th over - 0 runs, 0 hits, 0 errors, 0 left on base; Tacoma 2 - Memphis 0 |
BOTTOM OF THE 4TH |
Memphis Redbirds batting - Pitching for Tacoma Rainiers : RHP Tim Sturdy
|
Batting: RHB J.J. Jurries
|
0-0: Swinging Strike 0-1: Called Strike 0-2: Ball 1-2: Ball 2-2: Strikes out looking
|
Batting: RHB Craig Ansman
|
0-0: Called Strike 0-1: Swinging Strike 0-2: Foul Ball, location: 9LMF 0-2: Strikes out swinging
|
Batting: LHB Jayce Tingler
|
0-0: Ground out 1-3 (Groundball, 15S, EV 64.4 MPH)
|
Bottom of the 4th over - 0 runs, 0 hits, 0 errors, 0 left on base; Tacoma 2 - Memphis 0 |
TOP OF THE 5TH |
Tacoma Rainiers batting - Pitching for Memphis Redbirds : LHP Shane Hawk
|
Batting: RHB Joe Lawrence
|
0-0: Foul Ball, location: 9LDF 0-1: Ground out 5-3 (Groundball, 56, EV 100.6 MPH)
|
Batting: LHB David Rosario
|
0-0: Ball 1-0: Foul Ball, location: 2F 1-1: Swinging Strike 1-2: Foul Ball, location: 5SF 1-2: Strikes out swinging
|
Batting: RHB Terry Evans
|
0-0: Swinging Strike 0-1: Ball 1-1: Swinging Strike 1-2: Ball 2-2: Fly out, F6 (Popup, 6MD, EV 70.0 MPH)
|
Top of the 5th over - 0 runs, 0 hits, 0 errors, 0 left on base; Tacoma 2 - Memphis 0 |
BOTTOM OF THE 5TH |
Memphis Redbirds batting - Pitching for Tacoma Rainiers : RHP Tim Sturdy
|
Batting: RHB Brian Horwitz
|
0-0: Called Strike 0-1: Ball 1-1: Swinging Strike 1-2: Ball 2-2: SINGLE (Line Drive, 7S, EV 98.1 MPH)
|
Batting: RHB Jorge Luis Valle
|
0-0: Fly out, F4 (Popup, 23, EV 93.1 MPH)
|
Batting: LHB Carlos Becerra
|
0-0: Foul Ball, location: 7LMF 0-1: Swinging Strike 0-2: Foul Ball, location: 3FF 0-2: Strikes out swinging
|
Batting: LHB Richard Austin
|
0-0: Ball 1-0: Called Strike 1-1: Called Strike 1-2: Strikes out swinging
|
Bottom of the 5th over - 0 runs, 1 hit, 0 errors, 1 left on base; Tacoma 2 - Memphis 0 |
TOP OF THE 6TH |
Tacoma Rainiers batting - Pitching for Memphis Redbirds : LHP Shane Hawk
|
Batting: RHB Jerry Gomez
|
0-0: Foul Ball, location: 2F 0-1: Ball 1-1: Swinging Strike 1-2: Ball 2-2: Ball 3-2: Foul Ball, location: 3F 3-2: Strikes out looking
|
Batting: SHB Elias Hernandez
|
0-0: Ball 1-0: Called Strike 1-1: Foul Ball, location: 3FF 1-2: Foul Ball, location: 25FF 1-2: Strikes out swinging
|
Pitching: RHP Matt Daley
|
|
Batting: RHB Garrett Atkins
|
0-0: Ball 1-0: Ball 2-0: Ground out 5-3 (Groundball, 5, EV 103.1 MPH)
|
Top of the 6th over - 0 runs, 0 hits, 0 errors, 0 left on base; Tacoma 2 - Memphis 0 |
BOTTOM OF THE 6TH |
Memphis Redbirds batting - Pitching for Tacoma Rainiers : RHP Tim Sturdy
|
Batting: RHB Ruben Bahena
|
0-0: Ball 1-0: Fly out, F2 (Popup, 23F, EV 88.1 MPH)
|
Batting: RHB Antonio Perez
|
0-0: Ball 1-0: Ground out 4-3 (Groundball, 4, EV 80.0 MPH)
|
Batting: RHB J.J. Jurries
|
0-0: Ball 1-0: Ball 2-0: Ball 3-0: Called Strike 3-1: Foul Ball, location: 9LDF 3-2: Ground out 5-3 (Groundball, 56S, EV 77.5 MPH)
|
Bottom of the 6th over - 0 runs, 0 hits, 0 errors, 0 left on base; Tacoma 2 - Memphis 0 |
TOP OF THE 7TH |
Tacoma Rainiers batting - Pitching for Memphis Redbirds : RHP Matt Daley
|
Batting: SHB Alex Cintron
|
0-0: Ball 1-0: Called Strike 1-1: Ball 2-1: Swinging Strike 2-2: Ball 3-2: Strikes out looking
|
Batting: RHB Justin Gemoll
|
0-0: Ball 1-0: Called Strike 1-1: Foul Ball, location: 2F 1-2: Ground out 4-3 (Groundball, 13, EV 80.6 MPH)
|
Batting: SHB Victor Sauceda
|
0-0: Called Strike 0-1: Swinging Strike 0-2: DOUBLE (Line Drive, 9LS, EV 93.1 MPH)
|
Batting: RHB Joe Lawrence
|
0-0: Foul Ball, location: 23F 0-1: Called Strike 0-2: Ball 1-2: Ball 2-2: Ball 3-2: Ground out U3 (Groundball, 34, EV 79.4 MPH)
|
Top of the 7th over - 0 runs, 1 hit, 0 errors, 1 left on base; Tacoma 2 - Memphis 0 |
BOTTOM OF THE 7TH |
Memphis Redbirds batting - Pitching for Tacoma Rainiers : RHP Tim Sturdy
|
Batting: RHB Craig Ansman
|
0-0: Called Strike 0-1: Ball 1-1: Swinging Strike 1-2: Ball 2-2: Ball 3-2: Fly out, F8 (Flyball, 89D, EV 95.0 MPH)
|
Batting: LHB Jayce Tingler
|
0-0: Ball 1-0: Foul Ball, location: 7LDF 1-1: Foul Ball, location: 7LSF 1-2: Ball 2-2: Foul Ball, location: 23FF 2-2: Ball 3-2: SINGLE (Groundball, 4MD, EV 95.0 MPH)
|
Batting: RHB Brian Horwitz
|
0-0: Foul Ball, location: 2F 0-1: Ball 1-1: Foul Ball, location: 2F 1-2: Hit by Pitch Jayce Tingler to second
|
Batting: RHB Jorge Luis Valle
|
0-0: Called Strike 0-1: Called Strike 0-2: Ball 1-2: Strikes out looking
|
Batting: LHB Carlos Becerra
|
0-0: Ball 1-0: Ball 2-0: Called Strike 2-1: DOUBLE (Flyball, 8LXD, EV 76.3 MPH) Jayce Tingler scores Brian Horwitz to third
|
Batting: LHB Richard Austin
|
0-0: Foul Ball, location: 3SF 0-1: Swinging Strike 0-2: Strikes out looking
|
Bottom of the 7th over - 1 run, 2 hits, 0 errors, 2 left on base; Tacoma 2 - Memphis 1 |
TOP OF THE 8TH |
Tacoma Rainiers batting - Pitching for Memphis Redbirds : RHP Matt Daley
|
Pitching: RHP Fernando Hernandez
|
|
Batting: LHB David Rosario
|
0-0: Foul Ball, location: 2F 0-1: Foul Ball, location: 2F 0-2: Ball 1-2: Foul Ball, location: 2F 1-2: Ball 2-2: Ball 3-2: Reached on error, E4 (Groundball, 4, EV 102.5 MPH)
|
Batting: RHB Terry Evans
|
0-0: Called Strike 0-1: Fly out, F8 (Flyball, 8LM, EV 83.1 MPH)
|
Batting: RHB Jerry Gomez
|
0-0: Foul Ball, location: 9LSFF 0-1: Ground out 3-1 (Groundball, 34, EV 92.5 MPH) David Rosario to third
|
Batting: SHB Elias Hernandez
|
0-0: Ball 1-0: Swinging Strike 1-1: Foul Ball, location: 3F 1-2: Strikes out swinging
|
Top of the 8th over - 0 runs, 0 hits, 1 error, 1 left on base; Tacoma 2 - Memphis 1 |
BOTTOM OF THE 8TH |
Memphis Redbirds batting - Pitching for Tacoma Rainiers : RHP Tim Sturdy
|
Now at 1B: Jerry Gomez
|
|
Now in LF: Gary Villacres
|
|
Now in CF: Endy Chavez
|
|
Batting: RHB Ruben Bahena
|
0-0: Called Strike 0-1: Ball 1-1: SINGLE (Line Drive, 6D, EV 95.0 MPH)
|
Batting: RHB Antonio Perez
|
0-0: Called Strike 0-1: Ball 1-1: Swinging Strike 1-2: Strikes out swinging
|
Batting: RHB J.J. Jurries
|
0-0: Called Strike 0-1: Ball 1-1: Called Strike 1-2: Foul Ball, location: 9LSF 1-2: SINGLE (Line Drive, 6MD, EV 103.8 MPH) Ruben Bahena to second
|
Batting: RHB Craig Ansman
|
0-0: Grounds into double play, 6-4-3 (Groundball, 6, EV 79.4 MPH)
|
Bottom of the 8th over - 0 runs, 2 hits, 0 errors, 1 left on base; Tacoma 2 - Memphis 1 |
TOP OF THE 9TH |
Tacoma Rainiers batting - Pitching for Memphis Redbirds : RHP Fernando Hernandez
|
Batting: LHB Endy Chavez
|
0-0: Called Strike 0-1: Ground out U3 (Groundball, 3, EV 98.1 MPH)
|
Batting: SHB Alex Cintron
|
0-0: Ball 1-0: Foul Ball, location: 2F 1-1: Swinging Strike 1-2: Foul Ball, location: 2F 1-2: Strikes out looking
|
Pinch Hitting: LHB Garett Gentry
|
0-0: Swinging Strike 0-1: Ground out 6-3 (Groundball, 6, EV 98.1 MPH)
|
Top of the 9th over - 0 runs, 0 hits, 0 errors, 0 left on base; Tacoma 2 - Memphis 1 |
BOTTOM OF THE 9TH |
Memphis Redbirds batting - Pitching for Tacoma Rainiers : RHP Tim Sturdy
|
Pitching: RHP Dwayne Jacobs
|
|
Now at 3B: Norihiro Nakamura
|
|
Batting: LHB Jayce Tingler
|
0-0: Foul Ball, location: 2F 0-1: Ball 1-1: Ball 2-1: Ball 3-1: Fly out, F6 (Popup, 6S, EV 82.5 MPH)
|
Batting: RHB Brian Horwitz
|
0-0: Ball 1-0: Ball 2-0: Ground out 6-3 (Groundball, 56, EV 101.3 MPH)
|
Batting: RHB Jorge Luis Valle
|
0-0: Called Strike 0-1: SINGLE (Line Drive, 56D, EV 94.4 MPH)
|
Batting: LHB Carlos Becerra
|
0-0: Foul Ball, location: 25F 0-1: Foul Ball, location: 23F 0-2: Ball Wild Pitch! Jorge Luis Valle to second 1-2: Foul Ball, location: 2F 1-2: Ball 2-2: Strikes out swinging
|
Bottom of the 9th over - 0 runs, 1 hit, 0 errors, 1 left on base; Tacoma 2 - Memphis 1 |
|